Cogmind - Beta 17.1 @@@ ROGUE MODE // 2026.09.12 @ 14:28:38 Player: Caluan Result: Destroyed by Enhanced Grunt with Neutron Cannon Performance ------------- Evolutions (3) 1500 Regions Visited (9) 1800 Robots Destroyed (124) 620 Value Destroyed (3272) 3272 Prototype IDs (2) 40 Alien Tech Used (0) 0 Bonus (495) 495 TOTAL SCORE: 7727 Bonus ------- High Alert Combat Kills 106 Follower Combat Kills 89 Met Data Miner 300 Cogmind --------- Core Integrity 0/700 Matter 237/300 Energy 91/100 System Corruption 2% Temperature Cool (0) Movement Core (350) Ox6 Location -7/Data Miner Parts ------- > --- POWER (1) -------- (None) > --- PROPULSION (3) --- (None) > --- UTILITY (6) ------ Large Storage Unit Salvage Targeting Computer Transmission Jammer (fused) > --- WEAPON (3) ------- (None) > --- INVENTORY (15) --- Cooling System Improved Cooling System High-capacity Battery (250) High-capacity Matter Pod (200) Improved Trap Extractor (5/6 Fire) Improved Datajack Blade Trap Blade Trap Dirty Bomb Trap Fire Trap Peak State ------------ > --- POWER ------------ Micro Nuclear Core > --- PROPULSION ------- Light Treads Light Treads Armored Treads > --- UTILITY ---------- Large Storage Unit Improved Signal Interpreter Salvage Targeting Computer Advanced Targeting Computer Transmission Jammer Improved Trap Extractor > --- WEAPON ----------- Heavy Assault Rifle Gauss Rifle Gauss Rifle > --- INVENTORY -------- Deuterium Engine Light Treads Light Treads Light Treads Light Treads Cooling System High-capacity Battery High-capacity Matter Pod Hardened Light Armor Plating Hardened Light Armor Plating Gauss Rifle Heavy Missile Launcher Heavy Missile Launcher Improved Datajack Powered Hammer [Rating: 39] Favorites ----------- Power Deuterium Engine Engine Deuterium Engine Power Core Micro Nuclear Core Propulsion Light Treads Treads Light Treads Utility Large Storage Unit Device Transmission Jammer Storage Large Storage Unit Processor Advanced Targeting Computer Protection Hardened Light Armor Plating Weapon Gauss Rifle Energy Gun Small Laser Ballistic Gun Gauss Rifle Ballistic Cannon Improved Light Cannon Launcher Heavy Missile Launcher Impact Weapon Powered Hammer Slashing Weapon Katana Special Melee Weapon Improved Datajack Build | -11 -10 -10 -9 -9 -8 -7 -7 -7 -7 ------- Run | Yrd Mat Min Mat Min Mat Fac Low Low Dat Slots Evolved 6 | . . . 2 . 2 2 . . . Power . | . . . . . . . . . . Propulsion 1 | . . . 1 . . . . . . Utility 4 | . . . 1 . 1 2 . . . Weapon 1 | . . . . . 1 . . . . Parts Attached 72 | 6 5 . 21 5 17 12 4 . 2 Power 7 | 1 1 . 2 . 1 2 . . . Engine 6 | 1 1 . 2 . 1 1 . . . Core 1 | . . . . . . 1 . . . Reactor . | . . . . . . . . . . Propulsion 20 | 2 1 . 8 1 5 . 2 . 1 Treads 20 | 2 1 . 8 1 5 . 2 . 1 Leg . | . . . . . . . . . . Wheel . | . . . . . . . . . . Hover . | . . . . . . . . . . Flight . | . . . . . . . . . . Utility 21 | 1 1 . 5 2 5 7 . . . Device 3 | . . . . 1 . 2 . . . Storage 3 | 1 1 . . . 1 . . . . Processor 5 | . . . 2 . 1 2 . . . Hackware . | . . . . . . . . . . Protection 10 | . . . 3 1 3 3 . . . Artifact . | . . . . . . . . . . Weapon 24 | 2 2 . 6 2 6 3 2 . 1 Energy Gun 3 | 1 2 . . . . . . . . Energy Cannon . | . . . . . . . . . . Ballistic Gun 11 | 1 . . 2 1 5 1 1 . . Ballistic Cannon 1 | . . . 1 . . . . . . Launcher 5 | . . . 2 . 1 . 1 . 1 Special Weapon . | . . . . . . . . . . Impact Weapon 1 | . . . . . . 1 . . . Slashing Weapon 1 | . . . 1 . . . . . . Piercing Weapon . | . . . . . . . . . . Special Melee Weapon 2 | . . . . 1 . 1 . . . Unidentified Prototypes 2 | . . . 1 . 1 . . . . Parts Lost 33 | . 4 . 4 . 3 1 6 1 14 Power 4 | . 1 . 1 . . . 1 . 1 Propulsion 10 | . 1 . 1 . . . 3 . 5 Utility 7 | . . . 1 . 1 1 1 1 2 Weapon 12 | . 2 . 1 . 2 . 1 . 6 Highest Loss Streak 14 | . 3 . 2 . 1 1 5 1 14 To Critical Strikes . | . . . . . . . . . . Average Backups 12 | . 2 3 11 14 14 14 11 10 10 Power 1 | . . 1 1 1 1 1 . . . Propulsion 3 | . . . 4 4 4 4 1 1 1 Utility 3 | . . 1 1 4 4 4 4 5 5 Weapon 3 | . . . 3 4 4 4 3 3 2 Tool/Special . | . . . . . . . . . . Unused Backups 14 | . . . 7 . 3 . . . 4 Power 4 | . . . 3 . 1 . . . . Propulsion 4 | . . . 2 . 2 . . . . Utility 5 | . . . 1 . . . . . 4 Weapon . | . . . . . . . . . . Tool/Special 1 | . . . 1 . . . . . . Average Slot Usage (%) 92 | . 77 85 93 99 91 90 98 95 78 Engine 8 | . 12 14 10 11 8 4 5 7 5 Treads 26 | . 25 28 29 32 27 23 22 23 17 Device 1 | . . . . 2 . 3 4 7 7 Storage 9 | . 14 14 10 11 9 7 7 7 7 Processor 12 | . . . 9 11 8 15 23 23 21 Protection 8 | . . . 9 8 12 9 8 3 . Energy Gun 1 | . 14 28 3 . . . . . . Ballistic Gun 18 | . 10 . 10 18 25 21 22 22 17 Slashing Weapon 2 | . . . 7 . . . . . . Peak Build Rating 39 | 6 7 6 18 18 31 39 39 36 34 Average Rating 23 | 4 5 6 15 16 25 35 35 34 28 On Entrance 19 | . 6 6 6 18 16 31 39 36 34 Avg Prop Armor Cover (%) . | . . . . . . . . . . Naked Turns . | . . . . . . . . . . Heaviest Build 59 | 11 26 25 39 40 55 59 49 47 42 Greatest Support 63 | 40 40 40 63 63 60 60 60 60 60 Greatest Overweight (x) 2 | . 1 . 2 . . . 1 . 1 Average Overweight (x) . | . . . . . . . . . . Largest Inventory Capacity 15 | 8 15 15 15 15 15 15 15 15 15 Average Capacity 14 | 7 14 15 14 15 15 15 15 15 15 Most Carried 15 | 2 4 3 15 15 15 15 15 15 15 Average Carried 12 | . 2 3 12 14 14 14 12 14 13 Final Capacity 15 | 8 15 15 15 15 15 15 15 15 15 Final Carried 15 | 1 3 3 15 15 15 15 14 15 10 Class Distribution -------------------- 31% | Scavenger-Mutant 20% | Scavenger-Gunner 17% | Mutant 11% | Scavenger-Tank 9% | Trapper-Gunner 8% | Gunner Dominant Class ---------------- Mutant | -10/Materials Mutant | -10/Mines Scavenger-Mutant | -9/Materials Scavenger-Mutant | -9/Mines Scavenger-Gunner | -8/Materials Scavenger-Gunner | -7/Factory Gunner | -7/Lower Caves Trapper-Gunner | -7/Lower Caves Trapper-Gunner | -7/Data Miner Resources | -11 -10 -10 -9 -9 -8 -7 -7 -7 -7 ----------- Run | Yrd Mat Min Mat Min Mat Fac Low Low Dat Matter Collected 3046 | 214 131 . 807 126 823 558 334 53 . Remotely . | . . . . . . . . . . Salvage Created 4468 | . 429 . 2060 60 1046 725 134 14 . Parts 278 | . 26 . 133 4 68 36 7 4 . Haulers Intercepted 5 | . . . 4 . 1 . . . . Recyclers Shooed 4 | . 2 . 2 . . . . . . Parts Field Recycled . | . . . . . . . . . . Retrieved Matter . | . . . . . . . . . . Parts Self-Destructed 11 | . . . . . . . 7 4 . Prevented . | . . . . . . . . . . Parts Restored . | . . . . . . . . . . Kills | -11 -10 -10 -9 -9 -8 -7 -7 -7 -7 ------- Run | Yrd Mat Min Mat Min Mat Fac Low Low Dat Combat Hostiles Destroyed 91 | . 10 . 40 4 19 9 6 3 . Melee 17 | . . . 16 . . 1 . . . Guns 51 | . 10 . 8 4 19 8 2 . . Cannons 3 | . . . 3 . . . . . . AOE 20 | . . . 13 . . . 4 3 . Classes Destroyed 17 | . 4 . 8 . 2 1 2 . . Worker 4 | . . . 2 . 1 1 . . . Builder 3 | . . . 1 . 1 1 . . . Tunneler 1 | . . . . . 1 . . . . Hauler 5 | . . . 4 . 1 . . . . Recycler 13 | . 2 . 7 . 2 2 . . . Minesweeper 1 | . . . . . . . 1 . . Operator 2 | . . . 1 . 1 . . . . Watcher 4 | . 1 . 2 . 1 . . . . Swarmer 32 | . 3 . 12 4 6 . 4 3 . Grunt 31 | . 7 . 17 . 3 3 1 . . Brawler 2 | . . . 1 . 1 . . . . Duelist 2 | . . . 1 . . 1 . . . Protector 1 | . . . 1 . . . . . . Sentry 14 | . . . 8 . 5 1 . . . Hunter 5 | . . . . . 4 1 . . . Programmer 3 | . . . . . . 3 . . . Behemoth 1 | . . . . . . . 1 . . Best Kill Streak 8 | . 5 . 8 4 6 3 5 3 . Combat Bots Only 8 | . 5 . 8 4 6 2 4 3 . Max Kills in Single Turn 6 | . 1 . 6 2 2 2 5 2 . Gunslinging 1 | . . . . 1 1 . . . . Exploded 6 | . . . 6 . . . 4 2 . Melee 1 | . . . 1 . . 1 . . . Uniques/NPCs Destroyed . | . . . . . . . . . . Combat | -11 -10 -10 -9 -9 -8 -7 -7 -7 -7 -------- Run | Yrd Mat Min Mat Min Mat Fac Low Low Dat Hostile Shots Fired 533 | . 80 . 124 13 125 72 52 5 62 Missed 140 | . 15 . 39 1 26 16 17 1 25 Hits 393 | . 65 . 85 12 99 56 35 4 37 Melee 11 | . . . 6 . 2 3 . . . Projectile 382 | . 65 . 79 12 97 53 35 4 37 Critical Strikes 6 | . . . 2 . 1 1 2 . . Part Disruptions 1 | . . . . . . . . . 1 Damage Taken 6574 | . 852 . 1150 118 1092 795 699 62 1806 Core 1347 | . 246 . 245 29 104 54 . . 669 Absorbed by Shields . | . . . . . . . . . . Regen/Repaired (Parts) 53 | . . . . . 53 . . . . Core Remaining (%) 53 | 100 . 1 . 31 81 . . . . Volleys Fired 209 | . 53 . 39 6 63 27 13 2 6 Largest 3 | . 2 . 2 2 3 3 3 1 3 Hottest 84 | . 70 . 80 46 79 79 84 39 84 Shots Fired 461 | . 73 . 67 12 178 83 32 2 14 Gun 436 | . 73 . 49 12 178 83 29 . 12 Cannon 14 | . . . 14 . . . . . . Launcher 11 | . . . 4 . . . 3 2 2 Special . | . . . . . . . . . . Kinetic 406 | . 47 . 45 12 178 83 29 . 12 Thermal 44 | . 26 . 18 . . . . . . Explosive 11 | . . . 4 . . . 3 2 2 Electromagnetic . | . . . . . . . . . . Robot Hit Streak 19 | . 10 . 10 15 19 9 7 4 9 Robot Miss Streak 3 | . 3 . 3 . 2 2 2 . 2 Penetration Max 1 | . . . . . 1 1 . . . Secondary Targets 5 | . 1 . 1 2 1 . . . . Max Gunslinging Chain 1 | . 1 . 1 1 1 . . . . Shots Hit Robots 396 | . 52 . 99 11 133 63 24 1 13 Core Hits 198 | . 23 . 61 5 48 27 23 4 7 Critical Kills 1 | . . . . . . 1 . . . Critical Parts Destroyed 3 | . . . . . 2 1 . . . Critical Strikes 10 | . 2 . 4 . 2 2 . . . Burn 2 | . 2 . . . . . . . . Destroy 3 | . . . . . 2 1 . . . Smash 1 | . . . . . . 1 . . . Sever 4 | . . . 4 . . . . . . Melee Attacks 71 | . . . 62 . . 6 . . 3 Impact 7 | . . . . . . 4 . . 3 Slashing 62 | . . . 62 . . . . . . Piercing . | . . . . . . . . . . Sneak Attacks 15 | . . . 13 . . 2 . . . Combat Hostiles . | . . . . . . . . . . Follow-up Attacks . | . . . . . . . . . . Damage Inflicted 9877 | . 490 . 3853 168 2243 1273 911 309 630 Guns 5204 | . 490 . 475 164 2193 1191 511 . 180 Cannons 216 | . . . 216 . . . . . . Explosions 2081 | . . . 1024 . . . 400 309 348 Melee 2304 | . . . 2121 . . 81 . . 102 Ramming 72 | . . . 17 4 50 1 . . . Kinetic 5087 | . 291 . 557 164 2193 1191 511 . 180 Thermal 333 | . 199 . 134 . . . . . . Explosive 2081 | . . . 1024 . . . 400 309 348 Electromagnetic . | . . . . . . . . . . Impact 183 | . . . . . . 81 . . 102 Slashing 2121 | . . . 2121 . . . . . . Piercing . | . . . . . . . . . . Highest Corruption 2 | . . . . . . 2 2 2 2 Average Corruption 1 | . . . . . . 1 2 2 2 Corruption Purged . | . . . . . . . . . . Corruption Blocked . | . . . . . . . . . . Effects 35 | . . . . . . 13 16 4 2 Message Errors 4 | . . . . . . 1 2 1 . Matter Fused 7 | . . . . . . 3 3 1 . Heat Flow Errors 5 | . . . . . . 1 3 1 . Energy Discharges 7 | . . . . . . 5 2 . . Parts Fused 2 | . . . . . . . 1 1 . Data Loss (minor) 1 | . . . . . . . 1 . . Data Loss (major) 1 | . . . . . . . 1 . . Misfires 5 | . . . . . . 2 1 . 2 Alerts 2 | . . . . . . 1 1 . . Weapon Failures 1 | . . . . . . . 1 . . Overload Shots . | . . . . . . . . . . Overflow Damage 205 | . . . 185 . . . . . 20 Projectiles . | . . . . . . . . . . Explosions 35 | . . . 22 . . . . . 13 Melee 170 | . . . 163 . . . . . 7 Knockbacks 6 | . . . 3 . 2 . . . 1 Impact 3 | . . . . . 2 . . . 1 Kinetic 3 | . . . 3 . . . . . . Secondary . | . . . . . . . . . . Self-Inflicted Damage 99 | . . . 24 . . . . . 75 Shots 3 | . . . 1 . . . . . 2 Rammed 10 | . 1 . 3 2 3 1 . . . Targets Rammed 12 | . 2 . 3 2 4 1 . . . Kicked . | . . . . . . . . . . Crushed 2 | . 1 . . . 1 . . . . Highest Temperature 285 | . 218 . 72 . 82 272 285 245 . Average Temperature 55 | . 73 . 23 . 24 68 106 128 . Received Heat Transfer 1212 | . 378 . 360 . 153 204 117 . . Siege Activations . | . . . . . . . . . . Martial Activations . | . . . . . . . . . . Shielding Activations . | . . . . . . . . . . Robots Disrupted . | . . . . . . . . . . Combat Hostiles . | . . . . . . . . . . Robots Corrupted 1 | . . . 1 . . . . . . Combat Hostiles . | . . . . . . . . . . Parts Fried 3 | . . . 3 . . . . . . Impact Corruptions 2 | . . . 1 . . . . . 1 Robots Melted . | . . . . . . . . . . Combat Hostiles . | . . . . . . . . . . Parts Melted 1 | . 1 . . . . . . . . Heat Transferred 981 | . 681 . 300 . . . . . . Parts Sabotaged . | . . . . . . . . . . Parts Stolen . | . . . . . . . . . . Parts Stripped . | . . . . . . . . . . Power Chain Reactions . | . . . . . . . . . . Alert | -11 -10 -10 -9 -9 -8 -7 -7 -7 -7 ------- Run | Yrd Mat Min Mat Min Mat Fac Low Low Dat Maximum Alert Level 2 | . . . 2 1 1 . . . . Low Security (%) 79 | 100 100 100 48 84 98 100 . . . Level 1 4 | . . . 8 15 1 . . . . Level 2 15 | . . . 43 . . . . . . Level 3 . | . . . . . . . . . . Level 4 . | . . . . . . . . . . Level 5 . | . . . . . . . . . . High Security . | . . . . . . . . . . Max Security . | . . . . . . . . . . Peak Influence 629 | . 105 12 629 238 203 110 . . . Initial 238 | . . 12 4 238 31 90 . . . Average 146 | . 44 12 289 148 87 28 . . . Influence Increases 2956 | . 272 . 1255 90 782 342 145 70 . Destroy 0b10 Robot/C 1900 | . 200 . 780 80 480 180 120 60 . Destroy 0b10 Robot/NC 175 | . 15 . 90 . 45 20 5 . . Destroy Leader 500 | . 42 . 212 10 146 60 20 10 . Allied During Kill 19 | . . . . . 19 . . . . Trap Triggered on 0b10 20 | . . . . . . 20 . . . Successful Hack 84 | . . . 54 . 14 16 . . . Disable Machine 60 | . . . 30 . 30 . . . . Destroy Structure 33 | . . . 29 . 3 1 . . . Partial Spotted 15 | . . . . . . 15 . . . Lose Combat Pursuer 150 | . 15 . 60 . 45 30 . . . Influence Decreases 2956 | . 240 20 656 619 665 439 247 70 . Entered New Map 600 | . . 20 8 373 51 109 39 . . Time Decay 2163 | . 200 . 608 246 524 320 205 60 . Lost Part 133 | . 40 . 40 . 30 10 3 10 . Lost Ally 60 | . . . . . 60 . . . . Squads Dispatched 15 | . 3 . 5 . 3 4 . . . Investigation 5 | . 1 . 2 . 2 . . . . Extermination 2 | . . . . . . 2 . . . Reinforcement 6 | . 2 . 2 . . 2 . . . Assault 1 | . . . 1 . . . . . . Garrison 1 | . . . . . 1 . . . . Intercept . | . . . . . . . . . . Searches Triggered . | . . . . . . . . . . Construction Impeded . | . . . . . . . . . . Haulers Reinforced . | . . . . . . . . . . Active Scanning Responses . | . . . . . . . . . . Cargo Convoy Interrupts . | . . . . . . . . . . Stealth | -11 -10 -10 -9 -9 -8 -7 -7 -7 -7 --------- Run | Yrd Mat Min Mat Min Mat Fac Low Low Dat Distress Signals 11 | . 3 . 5 . 2 1 . . . Communications Jammed . | . . . . . . . . . . Distress Signals . | . . . . . . . . . . Times Spotted 152 | . 17 3 65 4 27 20 6 3 7 Peak Tracking Total 8 | . 6 3 8 4 7 4 4 3 4 Tactical Retreats 8 | . 1 . 4 . 2 1 . . . Traps | -11 -10 -10 -9 -9 -8 -7 -7 -7 -7 ------- Run | Yrd Mat Min Mat Min Mat Fac Low Low Dat Traps Triggered 7 | . 1 . 1 2 2 1 . . . Indirectly . | . . . . . . . . . . Trap Hack Attempts 55 | . . . . 8 . 47 . . . Triggered . | . . . . . . . . . . Disarmed . | . . . . . . . . . . Reprogrammed 6 | . . . . 2 . 4 . . . Reused 2 | . . . . . . 2 . . . Traps Extracted 6 | . . . . 2 . 3 1 . . Installed 4 | . . . . . . 3 1 . . Triggered 2 | . . . . . . 2 . . . Most Traps Carried 9 | . . . . 2 2 3 9 9 9 Machines | -11 -10 -10 -9 -9 -8 -7 -7 -7 -7 ---------- Run | Yrd Mat Min Mat Min Mat Fac Low Low Dat Machines Disabled 6 | . . . 3 . 2 . . . 1 Max in Single Turn 1 | . . . 1 . 1 . . . 1 Garrison Access 1 | . . . . . 1 . . . . Machines Repaired . | . . . . . . . . . . Machines Dismantled . | . . . . . . . . . . Machines Sabotaged . | . . . . . . . . . . Overloaded Fab Kills . | . . . . . . . . . . Hacking | -11 -10 -10 -9 -9 -8 -7 -7 -7 -7 --------- Run | Yrd Mat Min Mat Min Mat Fac Low Low Dat Machines Accessed 19 | . . . 6 1 7 5 . . . Terminals 7 | . . . 5 . 2 . . . . Fabricators 3 | . . . . . . 3 . . . Repair Stations 2 | . . . . . 2 . . . . Recycling Units 3 | . . . . . 1 2 . . . Scanalyzers 2 | . . . 1 . 1 . . . . Garrison Access 1 | . . . . . 1 . . . . Total Hacks 48 | . . . 21 1 15 11 . . . Successful 22 | . . . 9 1 11 1 . . . Failed 26 | . . . 12 . 4 10 . . . Catastrophic 5 | . . . 2 . . 3 . . . Database Lockouts . | . . . . . . . . . . Manual 28 | . . . 13 . 4 11 . . . Terminals 22 | . . . 18 . 4 . . . . Fabricators 7 | . . . . . . 7 . . . Repair Stations 3 | . . . . . 3 . . . . Recycling Units 8 | . . . . . 4 4 . . . Scanalyzers 6 | . . . 3 . 3 . . . . Garrison Access 1 | . . . . . 1 . . . . Terminal Hacks 6 | . . . 4 1 1 . . . . Part Schematic 1 | . . . 1 . . . . . . Open Door 1 | . . . . 1 . . . . . Branch Access Points 1 | . . . 1 . . . . . . Terminal Index 1 | . . . 1 . . . . . . Hauler Manifests 1 | . . . . . 1 . . . . Zone Layout 1 | . . . 1 . . . . . . Fabricator Hacks . | . . . . . . . . . . Repair Station Hacks 2 | . . . . . 2 . . . . Scan Component 1 | . . . . . 1 . . . . Repair 1 | . . . . . 1 . . . . Recycling Unit Hacks 2 | . . . . . 2 . . . . Report Inventory 1 | . . . . . 1 . . . . Retrieve Components 1 | . . . . . 1 . . . . Scanalyzer 4 | . . . 1 . 3 . . . . Retrieve Study 4 | . . . 1 . 3 . . . . Garrison Access Hacks 1 | . . . . . 1 . . . . Seal Access 1 | . . . . . 1 . . . . Unauthorized Hacks 7 | . . . 4 . 2 1 . . . Terminals 5 | . . . 4 . 1 . . . . Botnet 5 | . . . 4 . 1 . . . . Fabricators . | . . . . . . . . . . Repair Stations . | . . . . . . . . . . Recycling Units 2 | . . . . . 1 1 . . . Mask 2 | . . . . . 1 1 . . . Scanalyzers . | . . . . . . . . . . Garrison Access . | . . . . . . . . . . Data Cores Recovered . | . . . . . . . . . . Used . | . . . . . . . . . . Hacking Detections 14 | . . . 6 . 3 5 . . . Full Trace Events 1 | . . . 1 . . . . . . Feedback Events . | . . . . . . . . . . Feedback Blocked . | . . . . . . . . . . Robot Schematics Acquired . | . . . . . . . . . . Robots Built . | . . . . . . . . . . Authchips . | . . . . . . . . . . Time . | . . . . . . . . . . Total Robot Build Rating . | . . . . . . . . . . Part Schematics Acquired 1 | . . . 1 . . . . . . Parts Built . | . . . . . . . . . . Authchips . | . . . . . . . . . . Time . | . . . . . . . . . . Total Part Build Rating . | . . . . . . . . . . Part Studies Acquired 3 | . . . 1 . 2 . . . . Parts Repaired 1 | . . . . . 1 . . . . Time 38 | . . . . . 38 . . . . Parts Recycled . | . . . . . . . . . . Recycled Matter . | . . . . . . . . . . Retrieved Matter . | . . . . . . . . . . Retrieved Components 1 | . . . . . 1 . . . . Parts Scanalyzed . | . . . . . . . . . . Part Schematics Acquired . | . . . . . . . . . . Parts Damaged . | . . . . . . . . . . Bothacking | -11 -10 -10 -9 -9 -8 -7 -7 -7 -7 ------------ Run | Yrd Mat Min Mat Min Mat Fac Low Low Dat Used RIF Installer . | . . . . . . . . . . Robots Hacked 2 | . . . . . . 2 . . . Non-combat 2 | . . . . . . 2 . . . Combat . | . . . . . . . . . . Robot Hacks Applied 2 | . . . . . . 2 . . . no_distress 2 | . . . . . . 2 . . . Relay Couplers Released . | . . . . . . . . . . Fabnet Peak Effective % . | . . . . . . . . . . Robots Rewired . | . . . . . . . . . . Allies Hacked . | . . . . . . . . . . Hacks Repelled . | . . . . . . . . . . Allies | -11 -10 -10 -9 -9 -8 -7 -7 -7 -7 -------- Run | Yrd Mat Min Mat Min Mat Fac Low Low Dat Total Allies 3 | . . . . 3 . . . . . Largest Group 3 | . . . . 3 3 . . . . Highest-Rated Group 40 | . . . . 40 40 . . . . Highest-Rated Ally 16 | . . . . 16 16 . . . . Total Orders . | . . . . . . . . . . Ally Attacks 39 | . . . . . 39 . . . . Total Damage 298 | . . . . . 298 . . . . Kills 7 | . . . . . 7 . . . . Allies Corrupted . | . . . . . . . . . . Allies Melted . | . . . . . . . . . . Intel | -11 -10 -10 -9 -9 -8 -7 -7 -7 -7 ------- Run | Yrd Mat Min Mat Min Mat Fac Low Low Dat Active Infowar (turns) 880 | . . . . . . 227 190 362 101 Jamming 880 | . . . . . . 227 190 362 101 Robot Analysis Total . | . . . . . . . . . . Derelict Logs Recovered 2 | . . . . . . . 2 . . Drone Launches . | . . . . . . . . . . Drone Recoveries . | . . . . . . . . . . Exploration | -11 -10 -10 -9 -9 -8 -7 -7 -7 -7 ------------- Run | Yrd Mat Min Mat Min Mat Fac Low Low Dat Turns Passed 7695 | 90 491 16 2228 523 1543 1364 957 362 121 Spaces Moved 3765 | 52 214 11 1083 262 714 642 522 222 43 Core 6 | 4 . . 2 . . . . . . Treads 3759 | 48 214 11 1081 262 714 642 522 222 43 Legs . | . . . . . . . . . . Wheels . | . . . . . . . . . . Hover . | . . . . . . . . . . Flight . | . . . . . . . . . . Fastest Speed 50 | 50 160 160 150 160 160 163 160 160 160 Average Speed 161 | 151 165 160 160 160 162 163 162 160 160 Slowest Speed 240 | 160 240 160 240 160 163 163 205 160 200 Overloaded Moves . | . . . . . . . . . . Propulsion Burnouts . | . . . . . . . . . . Robots Hopped . | . . . . . . . . . . Potential Cave-ins . | . . . . . . . . . . Cave-ins Triggered . | . . . . . . . . . . Exploration Rate (%) 46 | 4 40 13 81 62 68 21 67 44 67 Regions Visited 9 Branch Regions 5 Pre-discovered Areas . | . . . . . . . . . . Known Exits Taken 4 | . . . 1 . . 1 1 1 . Unknown Exits Taken 5 | 1 1 1 . 1 1 . . . . Scrap Searched 8 | . . . . 1 . . 5 2 . Spaces Dug 2 | . . . 2 . . . . . . Terrain Destroyed 114 | . . . 27 . . 1 44 28 14 Melee 2 | . . . 2 . . . . . . Projectile 1 | . . . . . . 1 . . . AOE 111 | . . . 25 . . . 44 28 14 Terrain Rammed . | . . . . . . . . . . Walls Destroyed . | . . . . . . . . . . Machines Disabled . | . . . . . . . . . . Actions | -11 -10 -10 -9 -9 -8 -7 -7 -7 -7 --------- Run | Yrd Mat Min Mat Min Mat Fac Low Low Dat Total 4874 | 63 285 10 1413 350 960 886 603 226 78 Wait 540 | . 6 . 151 61 127 130 44 . 21 Move 3756 | 51 213 10 1082 261 713 641 521 221 43 Hop . | . . . . . . . . . . Pick Up 53 | 6 5 . 27 2 6 1 5 1 . Fast Attach 30 | 1 2 . 7 2 11 6 1 . . Attach 30 | 5 3 . 4 1 2 3 7 . 5 Detach 3 | . . . . . . 2 1 . . Swap 61 | . . . 19 5 12 14 9 2 . Drop 50 | . 1 . 19 2 22 5 1 . . Fire 209 | . 53 . 39 6 63 27 13 2 6 Melee 71 | . . . 62 . . 6 . . 3 Ram . | . . . . . . . . . . Kick . | . . . . . . . . . . Crush 12 | . 2 . 3 2 4 1 . . . Escape Stasis . | . . . . . . . . . . Rewire . | . . . . . . . . . . Trap 59 | . . . . 8 . 50 1 . . Miscellaneous . | . . . . . . . . . . Route ------- -11/Scrapyard -10/Materials -10/Mines -9/Materials (discovered 4 exits: *Mat x2 / *Min x2) -9/Mines -8/Materials (discovered 3 exits: *Fac x2 / [*Sto]) -7/Factory -7/Lower Caves -7/Lower Caves (discovered 2 exits: *Fac / *Dat) -7/Data Miner (discovered 1 exit: [*Pro]) History --------- Turn | Location | Event 11 | -11/Scrapyard | Discovered new exit (range 15) 91 | -11/Scrapyard | Entered Materials 306 | -10/Materials | Build established: Mutant 348 | -10/Materials | Discovered new exit (range 14) 388 | -10/Materials | Core integrity fell below 50% 412 | -10/Materials | Lost 3 parts (1p1n1w) 432 | -10/Materials | Core integrity fell below 20% 582 | -10/Materials | Entered Mines 586 | -10/Mines | Discovered new exit (range 9) 598 | -10/Mines | Entered Materials 598 | -9/Materials | Evolved 2 slots: Propulsion x1, Utility x1 605 | -9/Materials | Identified exit to Mines 1132 | -9/Materials | Build established: Scavenger-Mutant 1837 | -9/Materials | Core integrity fell below 50% 1898 | -9/Materials | Destroyed 8 combat bots 1923 | -9/Materials | Discovered new exit (range 16) 2198 | -9/Materials | First assault squad dispatched 2411 | -9/Materials | Discovered new exit (range 16) 2826 | -9/Materials | Entered Mines 2835 | -9/Mines | Met a Derelict who couldn't figure out how to use a Trap Extractor 2876 | -9/Mines | Met a Derelict bent on vengeance 3048 | -9/Mines | Found a damaged Exp. Sensor Array with a note attached 3195 | -9/Mines | Assisted by bots powering up and referring to "LRC-V3" 3275 | -9/Mines | Discovered new exit (range 5) 3349 | -9/Mines | Entered Materials 3349 | -8/Materials | Accompanied by 3 allies 3349 | -8/Materials | Evolved 2 slots: Utility x1, Weapon x1 3795 | -8/Materials | Discovered new exit (range 11) 4123 | -8/Materials | Build established: Scavenger-Tank 4275 | -8/Materials | Discovered new exit (range 5) 4628 | -8/Materials | Repaired Deuterium Engine 4649 | -8/Materials | Build established: Scavenger-Gunner 4703 | -8/Materials | Garrison activated, responded to threat 4797 | -8/Materials | Discovered new exit (range 15) 4892 | -8/Materials | Entered Factory 4892 | -7/Factory | Evolved 2 slots: Utility x2 6016 | -7/Factory | Discovered new exit (range 15) 6160 | -7/Factory | Identified exit to Lower Caves 6256 | -7/Factory | Entered Lower Caves 6387 | -7/Lower Caves | Spotted B-75 Beast 6493 | -7/Lower Caves | Destroyed B-75 Beast 6518 | -7/Lower Caves | Lost 5 parts (1p2n1u1w) 6696 | -7/Lower Caves | Learned Factory security intel 6772 | -7/Lower Caves | Build established: Gunner 7152 | -7/Lower Caves | Discovered new exit (range 10) 7165 | -7/Lower Caves | Identified exit to Lower Caves 7213 | -7/Lower Caves | Entered another Lower Caves area 7247 | -7/Lower Caves | Discovered new exit (range 11) 7253 | -7/Lower Caves | Build established: Trapper-Gunner 7261 | -7/Lower Caves | Identified exit to Factory 7553 | -7/Lower Caves | Discovered new exit (range 14) 7574 | -7/Lower Caves | Identified exit to Data Miner 7575 | -7/Lower Caves | Entered Data Miner 7575 | -7/Data Miner | Discovered new exit (range 6) 7606 | -7/Data Miner | Met Data Miner 7629 | -7/Data Miner | Data Conduit disabled 7680 | -7/Data Miner | Core integrity fell below 50% 7689 | -7/Data Miner | Core integrity fell below 20% 7696 | -7/Data Miner | Destroyed by Enhanced Grunt with Neutron Cannon Last Messages --------------- Slug penetrates Enhanced Grunt. Lgt. Treads+ destroyed. Flak Gun destroyed. Gauss Rifle destroyed. Adv. Targeting Computer destroyed. Deuterium Engine destroyed. Destroyed Adv. Heat Sink. Lgt. Treads+ destroyed. Hvy. Missile Launcher destroyed. Gauss Rifle destroyed. Hvy. Missile Launcher destroyed. Med. Treads destroyed. Destroyed Prototype Device. Enhanced Grunt system corrupted by crushing effect. Enhanced Grunt destroyed. Enhanced Grunt knocked back. Lgt. Treads+ destroyed. Powered Hammer destroyed. Imp. Signal Interpreter destroyed. Map ----- +----------------------------------------------------+ | | | | | | | | | | | | | | | | | | | ?????????????????????????????????????????? | | ?????????????????????????????????????????? | | ?????????????????????????????????????????? | | ?????????????????????????????????????????? | | ?????????????????????????????????????####? | | ??????????###########??????#???????### #? | | ??????????"" """"" "###### #?#????## #? | | ????????"""" " """"""# # ###### < ##? | | ????????"""" ## | | ???????""" | | ???????""" | | ???????"" | | ???????""" | | ???????""" g """"""""""""""""## | | ???????"""" g g %! """###############? | | ???????""" ""###??????????????? | | ????????"""" @ ###????????????????? | | ?????????### #?????????????????? | | ???????????#"# ##?????????????????? | | ?????????????# #??????????????????? | | ?????????????#; ;##??????????????????? | | ?????????????;; "; ???????????????????? | | ????????????"# "###??????????????????? | | ???????????#"#;; "#????????????????????? | | ???????????#?; # "#????????????????????? | | ????????????";## ""#???????????????????? | | ???????????#"## ""#???????????????????? | | ???????????#"#"X ""#???????????????????? | | ????????????""" "#???????????????????? | | ????????????""" X""???????????????????? | | ????????????"#"X "????????????????????? | | ?????????????## X"????????????????????? | | ??????????????## ?????????????????????? | | ???????????????#####?????????????????????? | | ?????????????????????????????????????????? | | ?????????????????????????????????????????? | | ?????????????????????????????????????????? | | ?????????????????????????????????????????? | | ?????????????????????????????????????????? | | ?????????????????????????????????????????? | | ?????????????????????????????????????????? | +----------------------------------------------------+ Best States ------------- Heat Dissipation 34 Energy Generation 16 Energy Capacity 290 Matter Stores 300 Matter Capacity 300 Sight Range 16 Terrain Scan Density 10 Jamming Range 12 Armor Coverage 750 Evasion (%) 40 Targeting Accuracy 8 Melee Accuracy 5 Recoil Reduction 7 Salvage Targeting 1 Trap Extractor Capacity 6 Item Schematics ----------------- Huge Storage Unit | -9/Materials | Hacked Robot Schematics ------------------ None Fabricated ------------ Nothing Repaired ---------- Deuterium Engine | 29% | -8/Materials Studied --------- Hvy. Assault Rifle | -9/Materials | Hacked Lgt. Treads | -8/Materials | Hacked Arm. Treads | -8/Materials | Hacked Alien Tech Used ----------------- None Achievements -------------- None Challenges ------------ None Game ------ Seed PlexusAntimissileBarrier Manual? 0 Play Time 00:58:44 Cumulative 244.5 hours Start 2026.09.12 @ 12:53:23 End 2026.09.12 @ 14:28:38 Sessions 1 Manual Loads 0 Difficulty Rogue Special Mode None Game No. 279 Rogue 279 Adventurer 0 Explorer 0 Win Type - Total 2 Types 2/0/0/0/0/0/0/0/0/0 Lore% 30 Gallery% 55 Achievement% 36 Wizard Run 0 Options --------- Layout 1 ASCII 0 Keyboard 0 Movement Numpad Keybinds 0 Fullscreen 2 Font 24/Smallcaps Map View 50x35 Zoom Use 0% Tactical HUD 0 Map Filters NONE Filters NONE Steam 1 RUN: 7c5bc18a-7035-4e86-bad7-7245fd379651